 Dungeon Crawl Stone Soup version 0.16.2-12-gd0ad4c3 (webtiles) character file.

1267 Charly the Cleaver (level 8, -14/67 HPs)
             Began as a Deep Dwarf Gladiator on Apr 25, 2016.
             Demolished by a hill giant
             ... wielding a cursed -3 giant club
              (16 damage)
             ... on level 10 of the Dungeon.
             The game lasted 00:20:28 (955 turns).

Charly the Cleaver (Deep Dwarf Gladiator)            Turns: 955, Time: 00:20:28

Health: -14/67     AC:  9    Str: 20      XL:     8   Next: 28%
Magic:  8/8        EV: 16    Int:  8      God:
Gold:   158        SH:  0    Dex: 17 (20) Spells: 0 memorised, 7 levels left

rFire  x . .     SeeInvis .     a - +0 war axe
rCold  + . .     Clarity  .     d - +0 scale mail
rNeg   + . .     SustAb   .     (no shield)
rPois  .         Gourm    .     g - +1 helmet
rElec  .         Spirit   .     l - +0 cloak
rCorr  .         Warding  .     (no gloves)
rMut   .         Stasis   .     (no boots)
MR     +....                    (no amulet)
Stlth  +.........               n - ring of positive energy
                                c - ring of ice

@: agile, non-regenerating, somewhat resistant to hostile enchantments, very
unstealthy
A: damage resistance, recharge devices, sense surroundings 1, slow healing 3
a: Device Recharging


You were on level 10 of the Dungeon.
You were hungry.

You visited 2 branches of the dungeon, and saw 11 of its levels.

You collected 158 gold pieces.

Inventory:

Hand weapons
 a - a +0 war axe (weapon)
 b - a +2 hand axe of freezing
Missiles
 q - 16 poisoned needles
Armour
 d - a +0 scale mail (worn)
 g - a +1 helmet (worn)
 l - a +0 cloak (worn)
Jewellery
 c - a ring of ice (left hand)
 h - an uncursed ring of sustain abilities
 n - a ring of positive energy (right hand)
Magical devices
 e - a wand of heal wounds (0)
 i - a wand of paralysis (0)
 j - a wand of paralysis (0)
Scrolls
 t - a scroll of teleportation
 v - a scroll of enchant armour
Potions
 o - a potion of flight {unknown}
 p - a potion of curing {unknown}
 r - a potion of lignification {unknown}
 s - a potion of berserk rage {unknown}
 u - 2 potions of restore abilities {unknown}
Comestibles
 f - 3 bread rations
 m - a meat ration


   Skills:
 + Level 2.0 Fighting
 * Level 11.2 Axes
 - Level 1.7 Throwing
 + Level 0.4 Armour
 + Level 3.4 Dodging


You had 7 spell levels left.
You didn't know any spells.

Dungeon Overview and Level Annotations

Branches:
Dungeon (10/15)            Temple (1/1) D:7
   Lair: D:8-11         Orc: D:9-12

Altars:
Ashenzari
Dithmenos
Elyvilon
Fedhas
Gozag
Kikubaaqudgha
Nemelex Xobeh
Qazlal
Ru
Sif Muna
Vehumet
Yredelemnul
Zin
The Shining One

Shops:
D:7 (


Innate Abilities, Weirdness & Mutations

You are resistant to damage.
You can recharge devices by infusing magical energy.
You passively map a small area around you.
You do not heal naturally.


Message History

The hill giant is moderately wounded.
You slash the hill giant!
The hill giant is heavily wounded.
The hill giant hits you with a giant club!!
* * * LOW HITPOINT WARNING * * *
You hit the hill giant but do no damage.
The hill giant is heavily wounded.
The hill giant closely misses you.
You hit the hill giant.
The hill giant is heavily wounded.
The hill giant misses you.
You slash the hill giant!
The hill giant is severely wounded.
You hit the hill giant.
The hill giant is severely wounded.
The hill giant misses you.
You slash the hill giant!
The hill giant is almost dead.
The hill giant hits you with a giant club!
You die...

** *
####+#### ,
#[....... *
*,,
+........ ,
,
#.........
**
#@C.......*
*
#.:.......
* #########


You could see a hill giant.

Vanquished Creatures
  A troll (D:7)
  2 ice beasts
  A phantom (D:4)
  A centaur (D:7)
  2 ogres
  A big kobold (D:7)
  A scorpion (D:4)
  A quasit (D:8)
  2 orc priests
  A hound (D:6)
  A giant frog skeleton (D:4)
  2 orc wizards
  4 worker ants
  A hound zombie (D:6)
  2 adders
  A giant mite (D:4)
  A shadow imp (D:8)
  2 worms
  An adder zombie (D:4)
  2 giant geckos
  10 orcs
  A giant cockroach (D:8)
  3 hobgoblins
  8 kobolds
  3 bats (D:7)
  A giant gecko zombie (D:8)
  A giant newt (D:6)
  5 goblins
  A quokka zombie (D:4)
  4 rats
67 creatures vanquished.

Vanquished Creatures (others)
  2 fungi (D:9)
2 creatures vanquished.

Grand Total: 69 creatures vanquished

Notes
Turn   | Place    | Note
--------------------------------------------------------------
     0 | D:1      | Charly, the Deep Dwarf Gladiator, began the quest for the Orb.
     0 | D:1      | Reached XP level 1. HP: 19/19 MP: 1/1
    14 | D:2      | Reached skill level 4 in Axes
    14 | D:2      | Reached XP level 2. HP: 26/26 MP: 2/2
    16 | D:2      | Found a basalt altar of Yredelemnul.
    66 | D:2      | Found an ancient bone altar of Kikubaaqudgha.
   117 | D:3      | Reached XP level 3. HP: 20/32 MP: 3/3
   119 | D:4      | Noticed a phantom
   147 | D:4      | Killed a phantom
   147 | D:4      | Reached skill level 6 in Axes
   147 | D:4      | Reached XP level 4. HP: 10/39 MP: 4/4
   171 | D:4      | Noticed a scorpion
   181 | D:4      | Killed a scorpion
   181 | D:4      | Reached XP level 5. HP: 11/45 MP: 5/5
   222 | D:4      | Reached skill level 7 in Axes
   253 | D:4      | Noticed an ogre
   266 | D:4      | Killed an ogre
   266 | D:4      | Reached XP level 6. HP: 42/52 MP: 6/6
   273 | D:4      | Reached skill level 8 in Axes
   301 | D:5      | Entered Level 5 of the Dungeon
   540 | D:5      | Reached skill level 9 in Axes
   540 | D:5      | Reached XP level 7. HP: 13/58 MP: 7/7
   573 | D:7      | Found a shattered altar of Ashenzari.
   610 | D:6      | Found a shadowy altar of Dithmenos.
   611 | D:6      | Found a blossoming altar of Fedhas.
   633 | D:7      | Found Kloman's Antique Weapon Shoppe.
   633 | D:7      | Found an opulent altar of Gozag.
   695 | D:7      | Reached skill level 10 in Axes
   710 | D:7      | Found a staircase to the Ecumenical Temple.
   719 | Temple   | Entered the Ecumenical Temple
   816 | D:7      | Noticed a troll
   829 | D:7      | Killed a troll
   829 | D:7      | Reached XP level 8. HP: 12/66 MP: 8/8
   837 | D:7      | Reached skill level 11 in Axes
   931 | D:10     | Entered Level 10 of the Dungeon
   931 | D:10     | Noticed a hill giant
   950 | D:10     | HP: 2/67 [hill giant/giant club (18)]
   955 | D:10     | Demolished by a hill giant

Action                   |  1- 3 |  4- 6 |  7- 9 || total
-------------------------+-------+-------+-------++-------
Melee: War axe           |    42 |    68 |    52 ||   162
       Hand axe          |       |       |    25 ||    25
Throw: Throwing net      |     4 |     3 |     2 ||     9
Evoke: Wand              |     1 |     7 |    17 ||    25
  Use: Scroll            |       |     6 |     3 ||     9
       Potion            |       |       |     1 ||     1
 Stab: Held in net/web   |     3 |     3 |       ||     6
       Paralysed         |     7 |    12 |    10 ||    29
